 Dungeon Crawl Stone Soup version 0.19.3-4-gbf9329e (webtiles) character file.

65 Mefis the Magician (level 3, 0/28 HPs)
             Began as a Deep Elf Wizard on Jan 29, 2017.
             Succumbed to an adder's poison
             ... on level 2 of the Dungeon.
             The game lasted 00:02:27 (1303 turns).

Mefis the Magician (Deep Elf Wizard)                Turns: 1303, Time: 00:02:27

Health: 0/28       AC:  4    Str:  9    XL:     3   Next: 94%
Magic:  1/11       EV: 13    Int: 23    God:
Gold:   14         SH:  0    Dex: 13    Spells: 5 memorised, 2 levels left

rFire  . . .     SeeInvis .     m - +0 dagger
rCold  . . .     Gourm    .     a - +0 robe
rNeg   . . .     Faith    .     (no shield)
rPois  .         Spirit   .     n - +0 helmet
rElec  .         Reflect  .     (no cloak)
rCorr  .         Harm     .     (no gloves)
MR     .....                    i - +0 pair of boots
Stlth  ..........               (no amulet)
                                (no ring)
                                (no ring)

@: berserking, lethally poisoned (0 -> -6), very slightly contaminated, repel
missiles, very quick
A: no striking features
a: no special abilities


You were on level 2 of the Dungeon.
You were not hungry.

You visited 1 branch of the dungeon, and saw 2 of its levels.

You collected 14 gold pieces.

Inventory:

Hand Weapons
 m - a +0 dagger (weapon)
 o - a +0 hunting sling
Missiles
 f - 20 sling bullets
Armour
 a - a +0 robe (worn)
 b - a +0 hat
 i - a +0 pair of boots (worn)
 n - a +0 helmet (worn)
Scrolls
 h - a scroll of random uselessness {unknown}
 j - a scroll of magic mapping {unknown}
 l - a scroll of identify {unknown}
 p - a scroll of enchant armour {unknown}
 q - a scroll of remove curse {unknown}
Potions
 g - a potion of lignification {unknown}
 k - a potion of cure mutation {unknown}
Books
 c - a book of Minor Magic

   Spells                             Type                      Level
   a - Magic Dart                     Conjuration                  1
   b - Blink                          Translocation                2
   c - Call Imp                       Summoning                    2
   d - Repel Missiles                 Charms/Air                   2
   e - Slow                           Hexes                        2
   f - Conjure Flame                  Conjuration/Fire             3
   g - Mephitic Cloud                 Conjuration/Poison/Air       3
Comestibles
 d - a bread ration
 r - a chunk of flesh


   Skills:
 + Level 3.0 Dodging
 + Level 3.3 Stealth
 * Level 5.2 Spellcasting
 + Level 1.9 Conjurations
 - Level 1.1 Summonings
 - Level 1.1 Translocations
 + Level 0.8 Air Magic
 + Level 0.2 Poison Magic


You had 2 spell levels left.
You knew the following spells:

 Your Spells              Type           Power        Failure   Level  Hunger
a - Magic Dart            Conj           ##..         4%          1    None
b - Call Imp              Summ           ##......     12%         2    None
c - Blink                 Tloc           N/A          12%         2    None
d - Repel Missiles        Chrm/Air       #.....       14%         2    None
e - Mephitic Cloud        Conj/Pois/Air  ##......     21%         3    ##.....


Dungeon Overview and Level Annotations

Branches:
Dungeon (2/15)

Altars:


Message History

You feel sick.
* * * LOW HITPOINT WARNING * * *
You feel sick.
* * * LOW HITPOINT WARNING * * *
You feel sick. The adder bites you but does no damage.
It was a potion of berserk rage.
A red film seems to cover your vision as you go berserk!
You feel yourself moving faster!
You feel mighty! The adder closely misses you.
You barely miss the adder.
The adder is almost dead.
* * * LOW HITPOINT WARNING * * *
You feel sick. The adder bites you.
* * * LOW HITPOINT WARNING * * *
You puncture the adder!
You kill the adder!
You are too berserk!
The rat misses you.
You see here an adder corpse.
You barely miss the rat.
You die...

.######?# #.†.....#
#.^.###.. ...%...÷####
##.#.#(## ####.#...
.###.......####.#.#.#####
##.#..
#.####........#..#...
###.. # ###..####.###.#.#
### ##........## ##..#
#..........## ##.#
#.......###.## ##.##
#..........r@###.##
#.##....#####.#.## #.
####.# ###.#####. #.#
#.......... ..
#......#### #......#
#......# #......#
######.#


You could see a rat.

Vanquished Creatures
  3 adders (D:2)
  An ooze (D:2)
  2 dart slugs (D:1)
  A giant cockroach (D:1)
  4 goblins
  3 hobgoblins
  2 jackals (D:2)
  2 kobolds (D:1)
  6 bats (D:1)
  2 frilled lizards (D:1)
  5 rats (D:1)
31 creatures vanquished.

Notes
Turn   | Place    | Note
-------+----------+-------------------------------------------
     0 | D:1      | Mefis the Deep Elf Wizard began the quest for the Orb.
     0 | D:1      | Reached XP level 1. HP: 10/10 MP: 7/7
   170 | D:1      | Reached XP level 2. HP: 10/15 MP: 0/9
   186 | D:1      | Learned a level 2 spell: Call Imp
   189 | D:1      | Learned a level 2 spell: Blink
   192 | D:1      | Learned a level 2 spell: Repel Missiles
   735 | D:1      | Reached skill level 5 in Spellcasting
   960 | D:2      | Reached XP level 3. HP: 19/19 MP: 3/11
   965 | D:2      | Learned a level 3 spell: Mephitic Cloud
  1300 | D:2      | HP: 1/28 [adder (1)]
  1303 | D:2      | Succumbed to an adder's poison

Skill      XL: |  1  2  3 |
---------------+----------+-----
Spellcasting   | 5 |  5.2
Dodging        | 3 |  3.0
Stealth        | 3 |  3.3
Conjurations   | |  1.9
Summonings     | |  1.1
Translocations | |  1.1
Air Magic      | |  0.8
Poison Magic   | |  0.2

Action                   || total
-------------------------++-------
Melee: Unarmed           ||     5
       Dagger            ||     7
 Cast: Magic Dart        ||    86
       Repel Missiles    ||     1
  Use: Potion            ||     1
  Eat: Chunk             ||     1
Armor: Robe              ||     5
Dodge: Dodged            ||    24
